 Dungeon Crawl Stone Soup version 0.29-a0-994-gc5c9f59d18 (webtiles) character file.

Game seed: 16540947338526556490

67 jlumianski the Chopper (level 3, 0/27 HPs)
             Began as a Demonspawn Gladiator on Aug 3, 2022.
             Slain by an orc
             ... wielding a +0 mace
              (3 damage)
             ... on level 1 of the Dungeon.
             The game lasted 00:06:40 (1394 turns).

jlumianski the Chopper (Demonspawn Gladiator)       Turns: 1394, Time: 00:06:40

Health: 0/27       AC: 11    Str: 16    XL:     3   Next: 98%
Magic:  3/3        EV:  9    Int:  9    God:
Gold:   36         SH:  0    Dex: 14    Spells: 2/2 levels left

rFire   . . .      SeeInvis .   a - +0 war axe
rCold   . . .      Faith    .   (no shield)
rNeg    . . .      Spirit   .   j - +0 plate armour
rPois   .          Reflect  .   c - +0 helmet
rElec   .          Harm     .   (no cloak)
rCorr   .          Rampage  .   (no gloves)
Will    .....                   (no boots)
Stlth   ..........              (no amulet)
HPRegen 0.09/turn               n - +4 ring of evasion
MPRegen 0.08/turn               (no ring)

@: no status effects
A: demonic guardian 2
a: no special abilities


You were on level 1 of the Dungeon.
You visited 1 branch of the dungeon, and saw 3 of its levels.

You collected 36 gold pieces.

Inventory:

Hand Weapons
 a - a +0 war axe (weapon)
Missiles
 d - 3 throwing nets (quivered)
 i - 14 stones
 k - a javelin
 r - 2 boomerangs
 s - 4 poisoned darts
Armour
 b - a +0 leather armour
 c - a +0 helmet (worn)
 j - a +0 plate armour (worn)
Jewellery
 n - a +4 ring of evasion (left hand)
 q - a ring of fire
Scrolls
 e - a scroll of torment {unknown}
 f - a scroll of blinking {unknown}
 g - a scroll of identify {unknown}
 m - a scroll of fear {unknown}
Potions
 h - a potion of might {unknown}
 l - a potion of lignification {unknown}
 o - a potion of curing {unknown}
 p - a potion of haste {unknown}


   Skills:
 + Level 2.1 Fighting
 + Level 3.7 Axes
 + Level 1.8 Throwing
 + Level 0.7 Armour
 + Level 3.3 Dodging


You had 2 spell levels left.
You didn't know any spells.
Your spell library was empty.

Dungeon Overview and Level Annotations

Branches:
Dungeon (3/15)

Altars:


Innate Abilities, Weirdness & Mutations

A demonic guardian rushes to your aid.


Message History

There is a stone staircase leading down here.
You closely miss the orc. The orc hits you with a +0 flail.
You closely miss the orc. The orc barely misses you.
The orc hits you but does no damage.
You barely miss the orc. The orc hits you but does no damage.
You hit the orc.
The orc is heavily wounded.
The orc hits you with a +0 flail!
You slash the orc!
You kill the orc!
You see here a +0 flail.
There is a stone staircase leading down here.
You start resting.
HP restored.
You climb downwards.
The orc hits you but does no damage. The orc closely misses you.
There is a stone staircase leading up here.
The orc hits you but does no damage.
The orc hits you with a +2 short sword of electrocution.
You climb upwards.
There is a stone staircase leading down here.
You closely miss the orc. You hit the orc.
The orc hits you with a +2 short sword of electrocution.
The orc hits you but does no damage. The orc closely misses you.
The orc hits you with a +0 mace.
You barely miss the orc. You hit the orc but do no damage.
The orc hits you with a +2 short sword of electrocution.
The orc hits you with a +0 mace!
You hit the orc.
The orc is moderately wounded.
You hit the orc. The orc hits you but does no damage.
The orc hits you with a +0 mace.
* * * LOW HITPOINT WARNING * * *
A demonic guardian appears!
You completely miss the orc.
The orc is moderately wounded.
You hit the orc.
You kill the orc!
The orc hits you with a +0 mace.
You die...

#.###.#.....P~P....#.#..#
#####..........P~~~P...#...##
#.............P~≈≈~~P..#...#
#.........#..P~≈≈≈~≈~P.#...#
####........##.P~≈≈≈~≈≈≈~P....# #
............##.###########.#..###
.####......##.4.......##.........
..............#.o.....#..........
...........####)@#####...........
...................###...........
.#####.....#####...#.............
..# ##......###.................
..### #.####.....................
#...###.# ########..#...........
#.....#.### ##.###..........
####......#### ##..# ##.....##.>
#..........####..### ##########


You could see an orc (ally target) and a friendly hellwing (summoned).

Vanquished Creatures
  2 adders (D:2)
  An ufetubus (D:2)
  A dart slug (D:2)
  6 orcs
  5 bats
  3 endoplasms
  3 goblins
  A hobgoblin (D:1)
  3 jackals (D:1)
  A kobold (D:1)
  A quokka (D:1)
  4 ball pythons (D:2)
  3 frilled lizards (D:1)
  3 rats
37 creatures vanquished.

Notes
Turn   | Place    | Note
-------+----------+-------------------------------------------
     0 | D:1      | jlumianski the Demonspawn Gladiator began the quest for the
                  | Orb.
     0 | D:1      | Reached XP level 1. HP: 16/16 MP: 1/1
   163 | D:2      | Gained mutation: A weak demonic guardian rushes to your
                  | aid. [demonic ancestry]
   163 | D:2      | Reached XP level 2. HP: 17/22 MP: 2/2
   456 | D:1      | Gained mutation: A demonic guardian rushes to your aid.
                  | [demonic ancestry]
   456 | D:1      | Reached XP level 3. HP: 22/27 MP: 3/3
  1198 | D:2      | Found a faded altar of an unknown god.
  1394 | D:1      | Slain by an orc

Illustrated notes

Levels and vault maps discovered:
D:1:      eino_arrival_druids_welcome, layout_rooms
D:2:      layout_rooms, dreamdust_ecumenical_altar_angels_and_demons,
          uniq_terence
D:3:      layout_basic, nicolae_shop_unique_rings, reono_crystal_passage

Skill      XL: |  1 |
---------------+----+-----
Axes           | 3 |  3.7
Dodging        | 3 |  3.3
Fighting       | |  2.1
Throwing       | |  1.8
Armour         | |  0.7

Action                   || total
-------------------------++-------
Melee: War axe           ||    88
       Punch             ||     2
Throw: Javelin           ||     1
Armor: Leather armour    ||     6
       Plate armour      ||    77
Dodge: Dodged            ||    56

Table legend: (Time is in decaauts)
 A = Elapsed time spent in this place.
 B = Non-inter-level travel time spent in this place.
 C = Inter-level travel time spent in this place.
 D = Time resting spent in this place.
 E = Time spent auto-exploring this place.
 F = Levels seen in this place.
 G = Mean time per level.
                   A        B        C        D        E       F      G
               +--------+--------+--------+--------+--------+-----+--------+
         Total |   1432 |   1403 |     29 |    172 |    649 |   3 |  477.3 |
       Dungeon |   1432 |   1403 |     29 |    172 |    649 |   3 |  477.3 |
               +--------+--------+--------+--------+--------+-----+--------+

Top non-repeatable levels by time:
     D:1: 951 daAuts
     D:2: 402 daAuts
     D:3: 77 daAuts
